 Dungeon Sprint DCSS version 0.19-a0-97-g21dea92 (webtiles) character file.

303 Kidiri the Covert (level 6, -12/32 HPs)
             Began as a Spriggan Enchanter on May 16, 2016.
             Was an Initiate of Dithmenos.
             Mangled by a spatial vortex (20 damage)
             ... in the Dungeon (Sprint III: "The Ten Rune Challenge").
             The game lasted 00:02:43 (259 turns).

Kidiri the Covert (Spriggan Enchanter)               Turns: 259, Time: 00:02:44

Health: -12/32     AC:  4    Str:  4    XL:     6   Next: 15%
Magic:  2/16       EV: 23    Int: 18    God:    Dithmenos [......]
Gold:   20         SH:  0    Dex: 17    Spells: 5 memorised, 6 levels left

rFire  . . .     SeeInvis +     a - +1 dagger
rCold  . . .     Gourm    .     b - +2 robe
rNeg   . . .     Faith    .     (shield restricted)
rPois  .         Spirit   .     (helmet restricted)
rElec  .         Dismiss  .     (no cloak)
rCorr  .         Reflect  .     (gloves unavailable)
SustAt .         Harm     .     (boots unavailable)
MR     +....     NoTele   +     (no amulet)
Stlth  +++++.....               (no ring)
                                (no ring)

@: very quick, somewhat resistant to hostile enchantments, quite stealthy
A: unfitting armour, see invisible, herbivore 3, speed 3, slow metabolism 2
a: Renounce Religion


You were in the Dungeon.
You worshipped Dithmenos.
Dithmenos was noncommittal.
You were not hungry.

You visited 1 branch You collected 20 gold pieces.

Inventory:

Hand Weapons
 a - a +1 dagger (weapon)
Armour
 b - a +2 robe (worn)
Scrolls
 j - a scroll of blinking
 m - a scroll of holy word
 n - a scroll of amnesia
 r - a scroll of remove curse {unknown}
Potions
 e - a potion of curing
 f - a potion of heal wounds
 g - a potion of haste
 h - 2 potions of magic
 i - a potion of berserk rage
 q - a potion of lignification {unknown}
 t - a potion of flight {unknown}
 u - a potion of might {unknown}
Books
 c - a book of Maledictions

   Spells                             Type                      Level
   a - Corona                         Hexes                        1
   b - Ensorcelled Hibernation        Hexes/Ice                    2
   c - Confuse                        Hexes                        3
   d - Tukima's Dance                 Hexes                        3
   e - Dazzling Spray                 Conjuration/Hexes            3
Comestibles
 d - 3 bread rations
 s - 2 royal jellies


   Skills:
 + Level 2.8 Fighting
 * Level 5.7 Short Blades
 + Level 2.5 Armour
 * Level 8.0 Dodging
 * Level 9.2 Stealth
 * Level 6.7 Spellcasting
 + Level 1.8 Conjurations
 + Level 5.5 Hexes
 + Level 2.1 Ice Magic
 + Level 0.0 Invocations


You had 6 spell levels left.
You knew the following spells:

 Your Spells              Type           Power        Failure   Level  Hunger
a - Corona                Hex            ####...      1%          1    None
b - Ensorcelled Hibernat  Hex/Ice        ###...       3%          2    None
c - Confuse               Hex            ####....     3%          3    ##.....
d - Tukima's Dance        Hex            ####....     3%          3    ##.....
e - Dazzling Spray        Conj/Hex       ###...       10%         3    ##.....


Dungeon Overview and Level Annotations

Branches:
Dungeon (1/1)

Altars:
Dithmenos
Gozag
Makhleb
Nemelex Xobeh
Pakellas
Qazlal
Ru
Xom
Jiyva
Lugonu


Innate Abilities, Weirdness & Mutations

You are tiny and cannot use many weapons and most armour.
You have supernaturally acute eyesight.
You are a herbivore.
You cover ground extremely quickly.
You need consume almost no food.


Message History

The spatial vortex closely misses you.
You hit the spatial vortex.
The spatial vortex is severely damaged.
You barely miss the spatial vortex.
The spatial vortex is severely damaged.
You hit the spatial vortex.
The spatial vortex is severely damaged.
You hit the spatial vortex.
The spatial vortex is almost destroyed.
There is a shadowy altar of Dithmenos here.
You barely miss the spatial vortex.
The spatial vortex is almost destroyed.
You hit the spatial vortex.
The spatial vortex is almost destroyed.
The spatial vortex hits you!!
Ouch! That really hurt!
* * * LOW HITPOINT WARNING * * *
Space warps horribly around you!
Ouch! That really hurt!
You die...

#### ##.# ...#####..#
....#..#..#
#..%#..#..###+#+###+##
##..##+#..#..........#
##..###...'.⌠........#
#..####...#...######'#
#..###....#.⌠.#_v#...#
%..##..%..#...#_@#...#
...#......#+###__#...#
.##.#..%..# #__#...+
.#####....# #__'...#
▓▓ ▓▓▓▓▓▓ ▓▓▓▓▓▓▓▓


You could see a spatial vortex.

Vanquished Creatures
  A shadow (D)
  A water elemental (D)
  A scorpion (D)
  A jelly (D)
  A human (D)
  An ooze (D)
  3 rats (D)
9 creatures vanquished.

Vanquished Creatures (others)
  A yaktaur (D)
1 creature vanquished.

Grand Total: 10 creatures vanquished

Notes
Turn   | Place    | Note
--------------------------------------------------------------
     0 | D        | Kidiri the Spriggan Enchanter began the quest for the Orb.
     0 | D        | Reached XP level 1. HP: 9/9 MP: 5/5
    50 | D        | Reached skill level 5 in Stealth
    56 | D        | Noticed a scorpion
    59 | D        | Killed a scorpion
    59 | D        | Reached skill level 1 in Fighting
    59 | D        | Reached skill level 1 in Armour
    59 | D        | Reached skill level 5 in Dodging
    59 | D        | Reached skill level 6 in Stealth
    59 | D        | Reached XP level 2. HP: 14/14 MP: 6/8
    59 | D        | Reached XP level 3. HP: 18/18 MP: 6/9
    74 | D        | Learned a level 2 spell: Ensorcelled Hibernation
    78 | D        | Learned a level 3 spell: Confuse
    82 | D        | Learned a level 3 spell: Dazzling Spray
    96 | D        | Killed a yaktaur
   118 | D        | Reached XP level 4. HP: 23/23 MP: 7/11
   123 | D        | Learned a level 3 spell: Tukima's Dance
   145 | D        | Gained mutation: You are dopey. (Int -2) [potion of mutation]
   145 | D        | Gained mutation: You have sharp toenails. [potion of mutation]
   146 | D        | Lost mutation: You have sharp toenails. [potion of cure mutation]
   146 | D        | Lost mutation: You are dopey. (Int -2) [potion of cure mutation]
   147 | D        | Gained mutation: You are partially covered in large bone plates (AC +2, SH +2). [potion of mutation]
   147 | D        | Lost mutation: You are partially covered in large bone plates (AC +2, SH +2). [potion of mutation]
   147 | D        | Gained mutation: Your magical capacity is low (-10% MP). [potion of mutation]
   148 | D        | Lost mutation: Your magical capacity is low (-10% MP). [potion of cure mutation]
   158 | D        | Noticed a water elemental
   160 | D        | Killed a water elemental
   160 | D        | Reached skill level 7 in Stealth
   160 | D        | Reached skill level 5 in Spellcasting
   160 | D        | Reached skill level 1 in Ice Magic
   172 | D        | Noticed a shadow
   174 | D        | Killed a shadow
   174 | D        | Reached skill level 5 in Short Blades
   174 | D        | Reached skill level 9 in Stealth
   174 | D        | Reached skill level 1 in Conjurations
   174 | D        | Reached skill level 5 in Hexes
   174 | D        | Reached XP level 5. HP: 27/27 MP: 13/15
   174 | D        | Reached XP level 6. HP: 32/32 MP: 13/16
   236 | D        | Found an oddly glowing altar of Pakellas.
   236 | D        | Found a stormy altar of Qazlal.
   237 | D        | Found a sacrificial altar of Ru.
   237 | D        | Found a burning altar of Makhleb.
   237 | D        | Found a viscous altar of Jiyva.
   237 | D        | Found a shimmering altar of Xom.
   237 | D        | Found a shadowy altar of Dithmenos.
   237 | D        | Found a sparkling altar of Nemelex Xobeh.
   237 | D        | Found a corrupted altar of Lugonu.
   237 | D        | Found an opulent altar of Gozag.
   237 | D        | Noticed a spatial vortex
   241 | D        | Became a worshipper of Dithmenos the Shadowed
   259 | D        | Mangled by a spatial vortex

Vault maps used:
D:        dungeon_sprint_mu

Skill      XL: |  1  2  3  4  5  6 |
---------------+-------------------+-----
Spellcasting   | 4 6 |  6.7
Dodging        | 5 7 8 |  8.0
Stealth        | 6 9 |  9.2
Fighting       | 1 2 |  2.8
Short Blades   | 3 5 |  5.7
Armour         | 1 2 |  2.5
Hexes          | 4 5 |  5.5
Ice Magic      | 2 |  2.1
Conjurations   | 1 |  1.8

Action                   |  1- 3 |  4- 6 || total
-------------------------+-------+-------++-------
Melee: Dagger            |    17 |    14 ||    31
 Cast: Ensorcelled Hiber |     1 |     1 ||     2
       Corona            |     1 |       ||     1
       Dazzling Spray    |       |     5 ||     5
  Use: Scroll            |       |     4 ||     4
       Potion            |       |     4 ||     4
 Stab: Sleeping          |     4 |     3 ||     7
Armor: Robe              |     1 |       ||     1
Dodge: Dodged            |    10 |     2 ||    12
